 Dungeon Crawl Stone Soup version 0.30.0-29-ga12c61a403 (webtiles) character file.

Game seed: 5764443076279429418

496 hawla the Firebug (level 7, -2/50 HPs)
             Began as a Meteoran Fire Elementalist on June 9, 2023.
             Was an Initiate of Vehumet.
             Slain by a wight
             ... wielding a +4 flail of freezing
              (4 damage)
             ... on level 7 of the Dungeon.
             The game lasted 00:07:49 (1198 turns).

hawla the Firebug (Meteoran Fire Elementalist)      Turns: 1198, Time: 00:07:49

Health: -2/50      AC:  4    Str: 13    XL:     7   Next: 66%
Magic:  16/17      EV: 13    Int: 25    God:    Vehumet [......]
Gold:   148        SH:  0    Dex: 13    Spells: 15/18 levels left

rFire   . . .        f - +1 flail
rCold   . . .        (no shield)
rNeg    . . .        a - +0 robe
rPois   .            (helmet restricted)
rElec   .            (no cloak)
rCorr   .            p - +0 pair of gloves
SInv    .            n - +0 pair of boots
Will    .....        (no amulet)
Stlth   +            e - +6 ring of intelligence
HPRegen 0.28/turn    (no ring)
MPRegen 0.15/turn

%: no passive effects
@: glowing, unable to read
A: sense surroundings 1, otherworldly, glowing, explore regen, antennae 1,
hooves 1, strong 1, inability to read after injury 1
a: Renounce Religion


You were on level 7 of the Dungeon.
You worshipped Vehumet.
Vehumet was noncommittal.
You visited 1 branch of the dungeon, and saw 7 of its levels.

You collected 220 gold pieces.
You spent 72 gold pieces at shops.

Inventory:

Hand Weapons
 f - a +1 flail (weapon)
Armour
 a - a +0 robe (worn)
 n - a +0 pair of boots (worn)
 p - a +0 pair of gloves (worn)
Jewellery
 e - a +6 ring of intelligence (left hand)
Wands
 g - a wand of digging (5)
Scrolls
 k - a scroll of fear
 m - a scroll of fog {unknown}
 r - a scroll of teleportation {unknown}
 s - a scroll of identify
 u - a scroll of amnesia {unknown}
 w - a scroll of summoning {unknown}
Potions
 b - a potion of attraction
 i - 2 potions of haste
 l - a potion of lignification {unknown}
 q - a potion of heal wounds {unknown}
 t - a potion of might {unknown}
 v - a potion of resistance {unknown}


   Skills:
 + Level 3.4 Dodging
 - Level 1.4 Stealth
 + Level 6.2 Spellcasting
 + Level 2.8 Conjurations
 + Level 6.6 Fire Magic


You had 15 spell levels left.
You knew the following spells:

 Your Spells              Type           Power      Damage    Failure   Level
a - Foxfire               Conj/Fire      100%       2x1d9     1%          1
b - Scorch                Fire           82%        2d8       1%          2

Your spell library contained the following spells:

 Spells                   Type           Power      Damage    Failure   Level
 Inner Flame              Hex/Fire       24%        N/A       5%          3
 Volatile Blastmotes      Fire/Tloc      48%        2d14      5%          3
 Flame Wave               Conj/Fire      31%        2d9       11%         4


Dungeon Overview and Level Annotations

Branches:
Dungeon (7/15) Zot: 3003   Temple (0/1) D:5

Altars:
Makhleb
Vehumet

Shops:
D:3 ?


Innate Abilities, Weirdness & Mutations

You passively map a small area around you.
You are easily found by Zot.
You glow in the dark.
You regain HP and MP as you explore.
You have a pair of small antennae on your head.
You have large cloven feet.
Your muscles are strong. (Str +4, Int/Dex -1)
You occasionally lose the ability to read scrolls when taking damage.


Message History

The foxfire hits the steam dragon.
The steam dragon is moderately wounded.
The foxfire hits the steam dragon!
The steam dragon is burned terribly!
The steam dragon is heavily wounded.
The steam dragon bites you!
You feel threatened and lose the ability to read scrolls!
The steam dragon misses you.
Casting: Scorch (safe; 1% risk of failure)
Confirm with . or Enter, or press ? or * to list all spells.
You conjure some foxfire!
The steam dragon bites you but does no damage.
The steam dragon barely misses you.
You feel better.
The foxfire hits the steam dragon.
The steam dragon is burned terribly!
The steam dragon is severely wounded.
The foxfire hits the steam dragon.
The steam dragon is burned terribly!
The steam dragon is almost dead.
The steam dragon bites you! The steam dragon closely misses you.
Unknown command.
Magic courses through your body. The steam dragon breathes steam at you.
The ball of steam hits you!!
* * * LOW HITPOINT WARNING * * *
Casting: Foxfire (safe; 1% risk of failure)
Confirm with . or Enter, or press ? or * to list all spells.
Flames lash the steam dragon.
The steam dragon is burned terribly!
You kill the steam dragon!
Vehumet accepts your kill.
The steam dragon scales are intact enough to wear.
A wight comes into view. It is wielding a +0 mace.
Your Spellcasting skill increases to level 6!
A wight comes into view. It is wielding a +0 scimitar.
A wight comes into view.
It is wielding a +1 battleaxe of freezing.
The wight attacks as you move away! The wight closely misses you.
The wight attacks as you move away! The wight hits you but does no damage.
There is a stone staircase leading up here.
The wight hits you with a +4 flail of freezing!
* * * LOW HITPOINT WARNING * * *
The wight freezes you.
You die...

* .. *####..
####..... ,
####....#.# ** *
.######.........# ,,
................# *
,, ............@...#
* ,
............z..####.
,
....................
,
..............z####.
,
................##*,
............zz#.....
,
.................#.#
* ,
......))..[.........
......)).........#..
,


You could see 4 wights.

Vanquished Creatures
  A steam dragon (D:7)
  A bullfrog (D:6)
  A jelly (D:5)
  A gnoll bouda (D:7)
  A hound (D:6)
  Ijyb (D:5)
  Natasha (D:4)
  An iguana (D:3)
  4 gnolls (D:7)
  4 adders
  A white imp (D:5)
  An ufetubus (D:5)
  2 dart slugs
  3 orcs (D:5)
  3 ball pythons
  4 endoplasms
  3 giant cockroaches
  9 goblins
  4 hobgoblins
  2 quokkas
  4 bats
  2 frilled lizards (D:1)
  4 kobolds
  2 rats (D:1)
60 creatures vanquished.

Vanquished Creatures (others)
  A white imp (D:7)
  118 foxfires
119 creatures vanquished.

Grand Total: 179 creatures vanquished

Notes
Turn   | Place    | Note
-------+----------+-------------------------------------------
     0 | D:1      | hawla the Meteoran Fire Elementalist began the quest for
                  | the Orb.
     0 | D:1      | Reached XP level 1. HP: 14/14 MP: 5/5
    61 | D:1      | Reached XP level 2. HP: 20/20 MP: 4/6
    65 | D:1      | Learned a level 2 spell: Scorch
   188 | D:1      | Reached XP level 3. HP: 15/26 MP: 1/8
   477 | D:3      | Reached XP level 4. HP: 17/33 MP: 5/9
   511 | D:3      | Found Wueha's Magic Scroll Shoppe.
   530 | D:3      | Bought a scroll of fear for 48 gold pieces
   530 | D:3      | Bought a scroll of identify for 24 gold pieces
   596 | D:3      | Found a radiant altar of Vehumet.
   604 | D:3      | Became a worshipper of Vehumet
   642 | D:3      | Found a faded altar of an unknown god.
   661 | D:3      | Found a burning altar of Makhleb.
   729 | D:3      | Reached XP level 5. HP: 38/38 MP: 2/11
   770 | D:4      | Gained mutation: You have large cloven feet. [potion of
                  | mutation]
   770 | D:4      | Gained mutation: You occasionally lose the ability to read
                  | scrolls when taking damage. [potion of mutation]
   770 | D:4      | Gained mutation: Your muscles are strong. (Str +4, Int/Dex
                  | -1) [potion of mutation]
   770 | D:4      | Gained mutation: You have a pair of small antennae on your
                  | head. [potion of mutation]
   900 | D:4      | Noticed Natasha
   903 | D:4      | Killed Natasha
   904 | D:4      | Reached skill level 5 in Fire Magic
  1005 | D:5      | Entered Level 5 of the Dungeon
  1006 | D:5      | Noticed Ijyb
  1011 | D:5      | Killed Ijyb
  1012 | D:5      | Reached XP level 6. HP: 45/45 MP: 4/13
  1036 | D:5      | Found a staircase to the Ecumenical Temple.
  1073 | D:6      | Reached skill level 5 in Spellcasting
  1159 | D:7      | Reached XP level 7. HP: 50/50 MP: 13/15
  1176 | D:7      | Noticed a steam dragon
  1190 | D:7      | Killed a steam dragon
  1198 | D:7      | HP: 2/50 [wight/+4 flail of freezing (11)]
  1198 | D:7      | Slain by a wight

Illustrated notes

Levels and vault maps discovered:
D:1:      wander_arrival_abandoned_jail, layout_rooms, serial_bayou_pond_e
D:2:      layout_loops_corners
D:3:      layout_loops_corners, nicolae_vehumet_radiance, amcnicky_altar_gilded,
          serial_shops, nicolae_shop_hallway_plus,
          hellmonk_ecumenical_altar_arch_garden
D:4:      layout_loops_corners, ashenzari_conservatory_becter,
          minmay_misc_feat_more_columns, uniq_crazy_yiuf_cottage, uniq_natasha,
          uniq_grinder
D:5:      layout_basic, dancing_weapons_uskayaw, kennysheep_slug_shrine,
          minmay_temple_entry_statues, uniq_ijyb, uniq_pikel
D:6:      layout_loops_ring, mainiacjoe_overflow_chevrons, chequers_garden,
          kb_rosetta
D:7:      layout_rooms

Skill      XL: |  1  2  3  4  5  6  7 |
---------------+----------------------+-----
Dodging        | 3 |  3.4
Fire Magic     | 4 5 6 |  6.6
Spellcasting   | 3 4 5 6 |  6.2
Conjurations   | 2 |  2.8
Stealth        | |  1.4

Action                     |  1- 3 |  4- 6 |  7- 9 || total
---------------------------+-------+-------+-------++-------
  Melee: Unarmed           |     6 |       |       ||     6
         Flail             |       |       |     1 ||     1
   Cast: Foxfire           |    37 |    30 |     5 ||    72
         Scorch            |     3 |    20 |     7 ||    30
    Use: Potion            |     1 |     1 |     2 ||     4
         Scroll            |       |     4 |     3 ||     7
 Armour: Robe              |     9 |     2 |     2 ||    13
  Dodge: Dodged            |    16 |     6 |     8 ||    30
